 Dungeon Crawl Stone Soup version 0.23-a0-61-g4bf3f6c (webtiles) character file.

599 Mgcat the Chopper (level 7, -1/40 HPs)
             Began as a Tengu Skald on Aug 9, 2018.
             Was a Follower of Okawaru.
             Slain by Pikel
             ... wielding a +0 whip of freezing
              (3 damage)
             ... on level 5 of the Dungeon.
             The game lasted 00:10:40 (4739 turns).

Mgcat the Chopper (Tengu Skald)                     Turns: 4739, Time: 00:10:41

Health: -1/40      AC:  3    Str: 13    XL:     7   Next: 41%
Magic:  9/14       EV: 18    Int: 14    God:    Okawaru [*.....]
Gold:   45         SH:  0    Dex: 13    Spells: 3/14 levels left

rFire    . . .     SeeInvis +   u - +3 hand axe (chop)
rCold    . . .     Gourm    .   (no shield)
rNeg     . . .     Faith    .   b - +0 leather armour
rPois    .         Spirit   .   (helmet restricted)
rElec    .         Reflect  .   (no cloak)
rCorr    .         Harm     .   (no gloves)
MR       .....                  (boots unavailable)
Stlth    +.........             (no amulet)
HPRegen  0.13/turn              q - +6 ring of evasion
MPRegen  0.14/turn              a - ring of see invisible (curse) {sInv, !d}

@: infused, singing (expiring)
A: beak, talons 3, able to fly 1
a: Fly, Heroism, Renounce Religion


You were on level 5 of the Dungeon.
You worshipped Okawaru.
Okawaru was aware of your devotion.
You were not hungry.

You visited 1 branch of the dungeon, and saw 5 of its levels.

You collected 219 gold pieces.
You spent 174 gold pieces at shops.

Inventory:

Hand Weapons
 u - a +3 hand axe of chopping (weapon)
   (You bought it in a shop on level 4 of the Dungeon)
Missiles
 r - 2 throwing nets {=f, !d}
Armour
 b - a +0 leather armour (worn)
Magical Staves
 y - an uncursed staff of wizardry {unknown}
   (You found it on level 5 of the Dungeon)
Jewellery
 a - a cursed ring of see invisible (right hand) {sInv, !d}
   (You found it on level 5 of the Dungeon)
 p - a cursed ring of attention {unknown}
   (You found it on level 5 of the Dungeon)
 q - a +6 ring of evasion (left hand)
   (You found it on level 2 of the Dungeon)
Wands
 s - a wand of iceblast (9)
   (You took it off a hobgoblin on level 3 of the Dungeon)
Scrolls
 e - a scroll of immolation {unknown}
 i - 2 scrolls of blinking {unknown}
 j - a scroll of amnesia {unknown}
 k - 5 scrolls of identify
 m - 2 scrolls of teleportation {unknown}
 o - 4 scrolls of remove curse {unknown}
 t - a scroll of enchant weapon {unknown}
 v - a scroll of enchant armour {unknown}
 w - a scroll of magic mapping {unknown}
 x - a scroll of fog {unknown}
Potions
 c - a potion of heal wounds {unknown}
 f - 2 potions of cancellation
 g - a potion of flight {unknown}
 l - a potion of agility {unknown}
 n - 3 potions of ambrosia {unknown}
Comestibles
 d - 7 rations


   Skills:
 - Level 2.0 Fighting
 + Level 4.9 Axes
 - Level 1.1 Armour
 - Level 2.1 Dodging
 + Level 4.2 Spellcasting
 + Level 2.1 Hexes
 + Level 4.1 Charms


You had 3 spell levels left.
You knew the following spells:

 Your Spells              Type           Power        Failure   Level  Hunger
a - Infusion              Chrm           ##..         4%          1    None
b - Song of Slaying       Chrm           ##......     7%          2    ##.....
c - Shroud of Golubria    Chrm/Tloc      #.........   16%         2    ##.....
d - Spectral Weapon       Hex/Chrm       ##......     21%         3    ###....
e - Regeneration          Chrm/Necr      #.........   30%         3    ###....

Your spell library contained the following spells:

 Spells                   Type           Power        Failure   Level  Hunger


Dungeon Overview and Level Annotations

Branches:
Dungeon (5/15)
 Temple: D:4-7

Altars:
Dithmenos
Nemelex Xobeh
Okawaru
Trog
Yredelemnul
The Shining One

Shops:
D:4 (

Annotations:
D:3 1 runed door
D:4 3 runed doors, azzavlup's ghost, amateur TrFi
D:5 Pikel


Innate Abilities, Weirdness & Mutations

You have a beak for a mouth.
You have claws for feet.
You can fly.


Message History

x - a scroll labeled XECVOR AFINIR You now have 45 gold pieces (gained 18).
y - a crooked glowing staff Marking area around the slave as unsafe for travelling.
A slave comes into view.
Unknown command.
Unknown command.
Casting: Shroud of Golubria (safe; 16% risk of failure)
Confirm with . or Enter, or press ? or * to list all spells.
You start singing a song of slaying.
You hear a shout!
Pikel the Slaver comes into view.
He is wielding a whip of freezing.
Unknown command.
Unknown command.
You hear a shout!
The slave completely misses you.
You closely miss the slave. You claw the slave, but do no damage.
You hear a shout!
The slave hits you.
A slave comes into view.
Unknown command.
You closely miss the slave. You claw the slave.
You peck the slave, but do no damage.
The slave is moderately wounded.
You closely miss Pikel.
You hear a shout!
A slave comes into view.
You hear an angry hiss.
Unknown command.
Casting: Song of Slaying (safe; 7% risk of failure)
Confirm with . or Enter, or press ? or * to list all spells.
You begin infusing your attacks with magical energy.
Pikel hits you with a whip of freezing. Pikel freezes you.
Pikel hits you with a whip of freezing. Pikel freezes you.
A slave comes into view.
Unknown command.
Unknown command.
You hit Pikel.
Pikel is lightly wounded.
Pikel misses you.
You closely miss Pikel. You claw Pikel.
Pikel is lightly wounded.
Pikel completely misses you.
A leopard gecko comes into view.
You hit Pikel! Your kick misses Pikel. Your peck misses Pikel.
Pikel is moderately wounded.
Pikel completely misses you.
You hit Pikel but do no damage. You claw Pikel, but do no damage.
You peck Pikel, but do no damage.
Pikel is moderately wounded.
Pikel closely misses you.
You hit Pikel. You claw Pikel, but do no damage. Your peck misses Pikel.
Pikel is heavily wounded.
Pikel barely misses you.
You hit Pikel. Your peck misses Pikel.
Pikel is heavily wounded.
Pikel hits you with a whip of freezing! Pikel freezes you.
Pikel barely misses you.
You barely miss Pikel. Your kick misses Pikel.
Pikel is heavily wounded.
Pikel hits you with a whip of freezing. Pikel freezes you.
You hit Pikel. You claw Pikel, but do no damage.
Pikel is heavily wounded.
Pikel hits you with a whip of freezing.
* * * LOW HITPOINT WARNING * * *
Pikel freezes you.
* * * LOW HITPOINT WARNING * * *
Unknown command.
Unknown command.
You hit Pikel.
Pikel is severely wounded.
Pikel hits you with a whip of freezing.
* * * LOW HITPOINT WARNING * * *
Pikel freezes you.
* * * LOW HITPOINT WARNING * * *
Unknown command.
Unknown command.
As you read the scroll labeled INWIDE YMAOP, it crumbles to dust.
It is a scroll of identify.
f - 2 potions of cancellation Pikel closely misses you.
You feel better. Pikel completely misses you.
You hit Pikel. You claw Pikel, but do no damage.
You peck Pikel, but do no damage.
Pikel is almost dead.
Pikel hits you with a whip of freezing!
* * * LOW HITPOINT WARNING * * *
Pikel freezes you.
* * * LOW HITPOINT WARNING * * *
You feel better.
Your song is almost over.
Pikel waves a pair of manacles at you. Pikel hits you with a whip of freezing!
* * * LOW HITPOINT WARNING * * *
Pikel freezes you.
* * * LOW HITPOINT WARNING * * *
You hit Pikel. You claw Pikel, but do no damage.
Pikel is almost dead.
Pikel hits you with a whip of freezing.
You die... ### lp#

#p# #p# #p# #K#
#@#######.
###############.........
#...............!.......
#.######################
##.####### #.........
##.######.# #......#.#
#..#####.#####


You could see Pikel, 4 slaves and a leopard gecko.

Vanquished Creatures
  Duvessa (D:5)
  An ice beast (D:5)
  Dowan (D:5)
  A scorpion (D:4)
  A hound (D:4)
  An orc priest (D:3)
  An iguana (D:4)
  Terence (D:2)
  A worker ant (D:4)
  A hound skeleton (D:4)
  A worker ant zombie (D:4)
  6 adders
  An ooze (D:4)
  2 dart slugs (D:1)
  4 leopard geckos
  10 orcs
  5 giant cockroaches
  9 goblins
  9 hobgoblins
  2 ball pythons (D:4)
  7 bats
  4 frilled lizards
  5 kobolds
  7 rats
82 creatures vanquished.

Vanquished Creatures (others)
  A spectral weapon (D:5)
1 creature vanquished.

Grand Total: 83 creatures vanquished

Notes
Turn   | Place    | Note
-------+----------+-------------------------------------------
     0 | D:1      | Mgcat the Tengu Skald began the quest for the Orb.
     0 | D:1      | Reached XP level 1. HP: 12/12 MP: 4/4
   155 | D:1      | Reached XP level 2. HP: 10/17 MP: 0/6
   293 | D:1      | Learned a level 2 spell: Song of Slaying
   296 | D:1      | Learned a level 2 spell: Shroud of Golubria
   542 | D:1      | HP: 4/17 [dart slug/slug dart (7)]
  1159 | D:1      | Reached XP level 3. HP: 16/21 MP: 4/7
  1607 | D:2      | Reached skill level 3 in Axes
  1810 | D:2      | Noticed Terence
  1824 | D:2      | Killed Terence
  1824 | D:2      | Reached skill level 3 in Charms
  1824 | D:2      | Reached XP level 4. HP: 19/26 MP: 1/9
  2260 | D:3      | Found a basalt altar of Yredelemnul.
  2434 | D:3      | Reached skill level 3 in Spellcasting
  2508 | D:3      | Found an iron altar of Okawaru.
  2514 | D:3      | Learned a level 3 spell: Spectral Weapon
  2585 | D:3      | Found a shadowy altar of Dithmenos.
  2635 | D:3      | Gained mutation: You can fly. [Tengu growth]
  2635 | D:3      | Reached XP level 5. HP: 30/30 MP: 7/10
  2700 | D:3      | HP: 7/30 [orc/club (5)]
  2943 | D:3      | Found a runed door.
  3311 | D:3      | Became a worshipper of Warmaster Okawaru
  3498 | D:4      | Reached skill level 4 in Axes
  3498 | D:4      | Reached skill level 1 in Hexes
  3498 | D:4      | Reached XP level 6. HP: 27/35 MP: 10/12
  3503 | D:4      | Learned a level 3 spell: Regeneration
  3531 | D:4      | Found Fileusaamp's Antique Weapon Emporium.
  3811 | D:4      | Found a runed gate.
  3811 | D:4      | Found a runed gate.
  3811 | D:4      | Found a runed gate.
  3811 | D:4      | Noticed azzavlup's ghost (amateur TrFi)
  3951 | D:4      | Found a sparkling altar of Nemelex Xobeh.
  4192 | D:5      | Entered Level 5 of the Dungeon
  4209 | D:4      | Bought a runed hand axe for 174 gold pieces
  4372 | D:5      | Noticed Dowan
  4374 | D:5      | Noticed Duvessa
  4402 | D:5      | Killed Duvessa
  4402 | D:5      | Reached XP level 7. HP: 18/40 MP: 5/13
  4405 | D:5      | HP: 8/40 [Dowan/shard of ice (11)]
  4407 | D:5      | Killed Dowan
  4407 | D:5      | Reached * piety under Okawaru
  4407 | D:5      | Reached skill level 4 in Spellcasting
  4407 | D:5      | Reached skill level 4 in Charms
  4625 | D:5      | Found a bloodstained altar of Trog.
  4625 | D:5      | Found a glowing golden altar of the Shining One.
  4638 | D:5      | Reached skill level 2 in Hexes
  4718 | D:5      | Noticed Pikel
  4733 | D:5      | HP: 8/40 [Pikel/whip of freezing (3)]
  4738 | D:5      | HP: 5/40 [Pikel/whip of freezing (11)]
  4738 | D:5      | HP: 2/40 [Pikel/whip of freezing (3)]
  4739 | D:5      | Slain by Pikel

Vault maps used:
D:1:      shiori_shiawase
D:2:      uniq_terence
D:3:      grunt_dithmenos_smoke, yredelemnul_altar_generic, first_ration,
          kennysheep_okawaru_gauntlet, uniq_crazy_yiuf_cottage
D:4:      nemelex_xobeh_ov_fountains_minmay, serial_shops, shop,
          gammafunk_ghost_necromancy, st_stairs_3
D:5:      chequers_temple_overflow_statue_of_worship, temple_fountains,
          uniq_duvessa, uniq_pikel

Skill      XL: |  1  2  3  4  5  6  7 |
---------------+----------------------+-----
Axes           | 3 4 |  4.9
Charms         | 3 4 |  4.1
Spellcasting   | 3 4 |  4.2
Hexes          | 1 2 |  2.1
Fighting       | |  2.0
Armour         | |  1.1
Dodging        | |  2.1

Action                   |  1- 3 |  4- 6 |  7- 9 || total
-------------------------+-------+-------+-------++-------
Melee: Hand axe          |    81 |     9 |    24 ||   114
       Kick              |    18 |    25 |    12 ||    55
       Peck              |    13 |    14 |     5 ||    32
       Mace              |       |   101 |       ||   101
 Cast: Infusion          |    10 |     2 |     2 ||    14
       Song of Slaying   |     5 |    12 |     1 ||    18
       Shroud of Golubri |     1 |     6 |     2 ||     9
       Spectral Weapon   |       |     2 |       ||     2
 Abil: Fly               |       |     1 |       ||     1
Evoke: Wand              |       |     1 |       ||     1
  Use: Potion            |     1 |       |     2 ||     3
       Scroll            |       |       |     1 ||     1
  Eat: Chunk             |     3 |     6 |       ||     9
       Ration            |       |     1 |     1 ||     2
Armor: Leather armour    |    27 |    15 |     2 ||    44
Dodge: Dodged            |    50 |   122 |    17 ||   189

Table legend:
 A = Non-vault XP
 B = Vault XP
 C = Vault XP percentage of total XP
 D = Non-vault monster count
 E = Vault monster count
 F = Vault count percentage of total count
 G = Total turns spent on level
                 A         B        C        D         E       F
            +---------+---------+-------+---------+---------+-------
      Total |     585 |     272 |  31.7 |      76 |       6 |   7.3
            +---------+---------+-------+---------+---------+-------
        D:1 |      44 |       0 |   0.0 |      23 |       0 |   0.0
        D:2 |      28 |      36 |  56.2 |      10 |       1 |   9.1
        D:3 |     115 |       3 |   2.5 |      26 |       2 |   7.1
        D:4 |     256 |       2 |   0.8 |      15 |       1 |   6.2
        D:5 |     142 |     231 |  61.9 |       2 |       2 |  50.0
            +---------+---------+-------+---------+---------+-------

Vault maps used:
D:1:      shiori_shiawase
D:2:      uniq_terence
D:3:      grunt_dithmenos_smoke, yredelemnul_altar_generic, first_ration,
          kennysheep_okawaru_gauntlet, uniq_crazy_yiuf_cottage
D:4:      nemelex_xobeh_ov_fountains_minmay, serial_shops, shop,
          gammafunk_ghost_necromancy, st_stairs_3
D:5:      chequers_temple_overflow_statue_of_worship, temple_fountains,
          uniq_duvessa, uniq_pikel

Table legend:
 A = Turns spent in this place as a percentage of turns spent in the entire game.
 B = Non-inter-level travel turns spent in this place as a percentage of non-inter-level travel turns spent in the entire game.
 C = Inter-level travel turns spent in this place as a percentage of turns spent in this place.
 D = Turns resting spent in this place as a percentage of non-inter-level travel turns spent in this place.
 E = Turns spent auto-exploring this place as a percentage of non-inter-level travel turns spent in this place.
 F = Non-inter-level travel turns spent in this place divided by the number of levels of this place that you've seen.
                   A       B       C       D       E      F
               +-------+-------+-------+-------+-------+----------------------
         Total | 100.0 | 100.0 |   5.5 |   5.5 |  80.8 | 895.2
       Dungeon | 100.0 | 100.0 |   5.5 |   5.5 |  80.8 | 895.2
               +-------+-------+-------+-------+-------+----------------------

Table legend:
 A = Kills in this place as a percentage of kills in entire the game.
 B = Kills by you in this place as a percentage of kills by you in the entire game.
 C = Kills by friends in this place as a percentage of kills by friends in the entire game.
 D = Other kills in this place as a percentage of other kills in the entire game.
 E = Experience gained in this place as a percentage of experience gained in the entire game.
 F = Experience gained in this place divided by the number of levels of this place that you have seen.
                   A       B       C       D       E      F
               +-------+-------+-------+-------+-------+----------------------
         Total | 100.0 | 100.0 |   N/A |   N/A | 100.0 | 171.4
       Dungeon | 100.0 | 100.0 |   N/A |   N/A | 100.0 | 171.4
               +-------+-------+-------+-------+-------+----------------------
